 Dungeon Crawl Stone Soup version 0.20.1-1-g8b1a95d (webtiles) character file.

590 RKaid the Purveyor of Pain (level 7, -6/53 HPs)
             Began as a Mummy Necromancer on July 26, 2017.
             Was an Initiate of Kikubaaqudgha.
             Killed by divine providence
             ... invoked by an orc priest
              (12 damage)
             ... on level 6 of the Dungeon.
             The game lasted 00:15:27 (6000 turns).

RKaid the Purveyor of Pain (Mummy Necromancer)      Turns: 6000, Time: 00:15:27

Health: -6/53      AC:  6    Str: 16    XL:     7   Next: 16%
Magic:  5/14       EV: 15    Int: 17    God:    Kikubaaqudgha [......]
Gold:   266        SH:  0    Dex: 12    Spells: 3/16 levels left

rFire    x . .     SeeInvis .   f - +0 whip (drain)
rCold    + . .     Gourm    .   (no shield)
rNeg     + + +     Faith    .   a - +0 robe
rPois    ∞         Spirit   .   p - +0 helmet
rElec    .         Reflect  .   (no cloak)
rCorr    .         Harm     .   e - +0 pair of gloves
MR       .....                  c - +1 pair of boots
Stlth    ++........             (no amulet)
Regen    0.2/turn               j - +5 ring of strength
MPRegen  0.2/turn               r - +3 ring of evasion

@: about to teleport
A: no food or potions, fire vulnerability, cold resistance 1, negative energy
resistance 3, torment resistance, unbreathing
a: Renounce Religion


You were on level 6 of the Dungeon.
You worshipped Kikubaaqudgha.
Kikubaaqudgha was noncommittal.
You were not hungry.

You visited 2 branches of the dungeon, and saw 7 of its levels.

You collected 266 gold pieces.

Inventory:

Hand Weapons
 f - a +0 whip of draining (weapon)
   (You took it off a kobold on level 1 of the Dungeon)
Armour
 a - a +0 robe (worn)
 c - a +1 pair of boots (worn)
   (You found it on level 2 of the Dungeon)
 e - a +0 pair of gloves (worn)
   (You found it on level 1 of the Dungeon)
 g - a +0 shield
   (You found it on level 1 of the Dungeon)
 p - a +0 helmet (worn)
   (You found it on level 4 of the Dungeon)
Jewellery
 j - a +5 ring of strength (left hand)
   (You found it on level 1 of the Dungeon)
 r - a +3 ring of evasion (right hand)
   (You found it on level 4 of the Dungeon)
Wands
 d - a wand of polymorph (15/24)
   (You found it on level 4 of the Dungeon)
 m - a wand of random effects (26/48)
   (You found it on level 4 of the Dungeon)
Scrolls
 h - a scroll of blinking {!r}
 i - a scroll of identify
 k - 3 scrolls of teleportation
 l - a scroll of magic mapping {!r}
 n - a scroll of recharging {unknown}
 o - 7 scrolls of remove curse
 q - a scroll of enchant weapon {unknown}
 s - a scroll of enchant armour {unknown}
Books
 b - a book of Necromancy


   Skills:
 + Level 3.8 Fighting
 - Level 1.5 Dodging
 - Level 1.5 Stealth
 + Level 5.1 Spellcasting
 * Level 6.7 Necromancy


You had 3 spell levels left.
You knew the following spells:

 Your Spells              Type           Power        Failure   Level  Hunger
a - Pain                  Necr           ####         1%          1    N/A
b - Vampiric Draining     Necr           ####......   2%          3    N/A
c - Control Undead        Necr           ####......   9%          4    N/A
d - Animate Dead          Necr           N/A          9%          4    N/A
A - Animate Skeleton      Necr           N/A          1%          1    N/A

Dungeon Overview and Level Annotations

Branches:
Dungeon (6/15)             Temple (1/1) D:5

Altars:
Ashenzari
Cheibriados
Dithmenos
Elyvilon
Fedhas
Gozag
Hepliaklqana
Kikubaaqudgha
Makhleb
Nemelex Xobeh
Okawaru
Trog
Vehumet
Xom
Zin
The Shining One

Shops:
D:6 =

Annotations:
D:3 Knicklaso's ghost, amateur OgWr
D:4 Kloppie's ghost, novice MfGl
D:5 exclusion: ice beast


Innate Abilities, Weirdness & Mutations

You do not eat or drink.
Your flesh is vulnerable to fire.
You are immune to poison.
Your flesh is cold resistant. (rC+)
You are immune to negative energy. (rN+++)
You are immune to unholy pain and torment.
You can survive without breathing.


Message History

s - a scroll labeled XUOMYS OSAITEO You open the door.
Found Zuwoku's Jewellery Emporium.
There is an open door here.
There is an entrance to Zuwoku's Jewellery Emporium here.
You can access your shopping list by pressing '$'.
An orc priest and a crimson imp come into view.
The crimson imp shouts!
You start waiting.
A crimson imp is nearby!
You hit the crimson imp. The crimson imp barely misses you.
You barely miss the crimson imp.
The crimson imp hits you but does no damage.
You hit the crimson imp. The crimson imp barely misses you.
You miss the crimson imp. The crimson imp barely misses you. x2
You barely miss the crimson imp.
The crimson imp hits you but does no damage.
You hit the crimson imp. The crimson imp closely misses you.
You hit the crimson imp. The crimson imp barely misses you.
You barely miss the crimson imp.
You hear a shout!
The crimson imp closely misses you.
You hear a shout!
An orc comes into view. It is wielding a hand axe.
The orc shouts!
An orc comes into view. It is wielding a whip.
You barely miss the crimson imp.
The orc moves out of view.
The crimson imp hits you.
You hit the crimson imp. The crimson imp barely misses you.
You closely miss the crimson imp.
The crimson imp blinks!
You hit the orc but do no damage. You drain the orc!
The orc closely misses you. The orc hits you but does no damage.
An ogre comes into view. It is wielding a giant club.
The ogre shouts!
You hit the orc but do no damage. The orc barely misses you.
The orc hits you with a whip.
You hit the orc.
You kill the orc!
Kikubaaqudgha accepts your kill. The orc misses you.
The crimson imp blinks!
The orc priest shouts!
The crimson imp blinks! 2 orcs come into view.
An orc is wielding a trident of venom.
The orc moves out of view.
The orc shouts!
The orc priest invokes the aid of Beogh against you.
Beogh smites you!
The crimson imp hits you but does no damage.
The crimson imp picks up a beetle and eats it.
The crimson imp barely misses you.
You barely miss the orc. The orc misses you.
You barely miss the orc. The orc hits you but does no damage.
The crimson imp blinks!
Casting: Pain
Confirm with . or Enter, or press ? or * to list all spells.
Aiming: Vampiric Draining
Press: ? - help, Shift-Dir - straight line, f - orc
Aim: an orc, wielding a hand axe and wearing a ring mail You kill the orc!
Kikubaaqudgha accepts your kill.
You feel life coursing into your body.
Casting: Vampiric Draining
Confirm with . or Enter, or press ? or * to list all spells.
Aiming: Vampiric Draining
Press: ? - help, Shift-Dir - straight line, f - ogre
Aim: an ogre, wielding a giant club You feel life coursing into your body.
The ogre hits you with a giant club!
Casting: Vampiric Draining
Confirm with . or Enter, or press ? or * to list all spells.
Aiming: Vampiric Draining
Press: ? - help, Shift-Dir - straight line, f/p - ogre
Aim: an ogre, wielding a giant club (lightly wounded)
You feel life coursing into your body. The orc hits you but does no damage.
The ogre barely misses you.
Casting: Vampiric Draining
Confirm with . or Enter, or press ? or * to list all spells.
Aiming: Vampiric Draining
Press: ? - help, Shift-Dir - straight line, f/p - ogre
Aim: an ogre, wielding a giant club (heavily wounded)
You feel life coursing into your body. The orc closely misses you.
Casting: Vampiric Draining
Confirm with . or Enter, or press ? or * to list all spells.
You don't have enough magic to cast that spell.
Unknown command.
You barely miss the ogre. The ogre hits you with a giant club!
The orc misses you.
You barely miss the ogre. The ogre closely misses you.
The orc hits you from afar with a trident of venom.
You barely miss the ogre. The ogre hits you with a giant club!!
* * * LOW HITPOINT WARNING * * *
The orc closely misses you.
The orc priest miscasts a cantrip.
The orc priest begins to cast a cantrip, but forgets the words!
Found a stone staircase leading up.
As you read the scroll of teleportation, it crumbles to dust.
You feel strangely unstable. The ogre misses you.
An orc opens the door.
The orc priest mumbles some strange prayers to Beogh against you.
Beogh smites you!
You die...
Kikubaaqudgha rasps: "You have failed me!
Welcome... oblivion!"

.........# ..........
............
.o...........#############
........# #.............##
........# #....@.........#
........# #.....?O.......#
####o.## ######o#.....#.
.##....o.###......o...#.#
...........+......o.....#
.......#..##..........#.#
#.#....#........5!......#
.......#..######.#.##.#<#
.......#..5o.o.....# .#.#


You could see an ogre, an orc priest and 2 orcs.

Vanquished Creatures
  An orc priest (D:5)
  2 centaur zombies
  2 orc wizards (D:3)
  2 iguanas (D:4)
  3 worker ants
  2 worker ant zombies (D:5)
  7 adders
  4 dart slugs
  A leopard gecko (D:4)
  11 orcs
  5 giant cockroaches
  8 hobgoblins
  9 jackals
  14 kobolds
  A quokka (D:3)
  4 ball pythons
  5 bats
  5 frilled lizards
  9 goblins
  2 quokka zombies
  6 rats
103 creatures vanquished.

Vanquished Creatures (collateral kills)
  A scorpion (D:5)
  A bullfrog skeleton (D:4)
  An orc wizard (D:4)
  A worker ant (D:4)
  A killer bee zombie (D:5)
  A leopard gecko (D:2)
  An orc (D:4)
  A bat (D:2)
  2 frilled lizards
  A rat (D:1)
11 creatures vanquished.

Grand Total: 114 creatures vanquished

Notes
Turn   | Place    | Note
-------+----------+-------------------------------------------
     0 | D:1      | RKaid the Mummy Necromancer began the quest for the Orb.
     0 | D:1      | Reached XP level 1. HP: 13/13 MP: 4/4
    18 | D:1      | Learned a level 1 spell: Animate Skeleton
   279 | D:1      | Reached XP level 2. HP: 20/20 MP: 0/5
   431 | D:1      | Reached skill level 1 in Fighting
  1007 | D:1      | Reached XP level 3. HP: 26/26 MP: 2/7
  1175 | D:2      | Reached skill level 3 in Spellcasting
  1286 | D:2      | Learned a level 3 spell: Vampiric Draining
  1460 | D:2      | Found a shattered altar of Ashenzari.
  1678 | D:2      | Reached XP level 4. HP: 30/33 MP: 6/9
  1926 | D:2      | Reached skill level 5 in Necromancy
  2457 | D:3      | Reached skill level 2 in Fighting
  2463 | D:3      | Reached XP level 5. HP: 35/38 MP: 2/10
  2741 | D:3      | Found a bloodstained altar of Trog.
  2908 | D:3      | Reached skill level 4 in Spellcasting
  2999 | D:3      | Noticed Knicklaso's ghost (amateur OgWr)
  3087 | D:3      | Learned a level 4 spell: Control Undead
  3339 | D:4      | Noticed Kloppie's ghost (novice MfGl)
  3416 | D:4      | Found a hazy altar of Hepliaklqana.
  3474 | D:4      | Found a snail-covered altar of Cheibriados.
  3677 | D:4      | Reached XP level 6. HP: 38/46 MP: 4/12
  3788 | D:4      | Reached skill level 3 in Fighting
  3788 | D:4      | Reached skill level 6 in Necromancy
  3940 | D:5      | Entered Level 5 of the Dungeon
  4287 | D:5      | Learned a level 4 spell: Animate Dead
  4305 | D:5      | Noticed an ice beast
  4379 | D:5      | HP: 11/47 [killer bee zombie (4)]
  4383 | D:5      | HP: 5/47 [killer bee zombie (7)]
  4684 | D:5      | Found a staircase to the Ecumenical Temple.
  4691 | Temple   | Entered the Ecumenical Temple
  4712 | Temple   | Became a worshipper of Kikubaaqudgha
  5654 | D:5      | Reached skill level 5 in Spellcasting
  5654 | D:5      | Reached XP level 7. HP: 37/53 MP: 10/14
  5905 | D:6      | Found a sparkling altar of Nemelex Xobeh.
  5932 | D:6      | Found Zuwoku's Jewellery Emporium.
  5986 | D:6      | HP: 4/53 [ogre/giant club (22)]
  6000 | D:6      | Killed from afar by an orc priest

Skill      XL: |  1  2  3  4  5  6 |
---------------+-------------------+-----
Fighting       | 1 2 3 |  3.8
Spellcasting   | 3 4 5 |  5.1
Necromancy     | 5 6 |  6.7
Dodging        | |  1.5
Stealth        | |  1.5

Action                   |  1- 3 |  4- 6 |  7- 9 || total
-------------------------+-------+-------+-------++-------
Melee: Unarmed           |     3 |       |       ||     3
       Whip              |    33 |   201 |    34 ||   268
 Cast: Pain              |    53 |    52 |     1 ||   106
       Animate Skeleton  |    17 |    19 |       ||    36
       Vampiric Draining |     1 |     5 |     4 ||    10
       Control Undead    |       |     3 |       ||     3
       Animate Dead      |       |     2 |       ||     2
  Use: Scroll            |       |     7 |     1 ||     8
 Stab: Sleeping          |     1 |     5 |       ||     6
       Distracted        |       |     1 |       ||     1
Armor: Robe              |    10 |    68 |     6 ||    84
Dodge: Dodged            |    30 |   165 |    31 ||   226

Table legend:
 A = Turns spent in this place as a percentage of turns spent in the entire game.
 B = Non-inter-level travel turns spent in this place as a percentage of non-inter-level travel turns spent in the entire game.
 C = Inter-level travel turns spent in this place as a percentage of turns spent in this place.
 D = Turns resting spent in this place as a percentage of non-inter-level travel turns spent in this place.
 E = Turns spent auto-exploring this place as a percentage of non-inter-level travel turns spent in this place.
 F = Non-inter-level travel turns spent in this place divided by the number of levels of this place that you've seen.
                   A       B       C       D       E      F
               +-------+-------+-------+-------+-------+----------------------
         Total | 100.0 | 100.0 |   0.6 |   6.4 |   6.8 | 204.0
       Dungeon |  98.1 |  98.1 |   0.5 |   6.5 |   6.6 | 233.5
        Temple |   1.9 |   1.9 |   3.6 |   0.0 |  14.8 |  27.0
               +-------+-------+-------+-------+-------+----------------------

Table legend:
 A = Kills in this place as a percentage of kills in entire the game.
 B = Kills by you in this place as a percentage of kills by you in the entire game.
 C = Kills by friends in this place as a percentage of kills by friends in the entire game.
 D = Other kills in this place as a percentage of other kills in the entire game.
 E = Experience gained in this place as a percentage of experience gained in the entire game.
 F = Experience gained in this place divided by the number of levels of this place that you have seen.
                   A       B       C       D       E      F
               +-------+-------+-------+-------+-------+----------------------
         Total | 100.0 | 100.0 | 100.0 |  -nan | 100.0 | 120.6
       Dungeon | 100.0 | 100.0 | 100.0 |  -nan | 100.0 | 140.7
               +-------+-------+-------+-------+-------+----------------------
